 Dungeon Crawl Stone Soup version 0.26.1-11-gd32895ea62 (webtiles) character file.

Game seed: 14879479875985401193

70 vvl the Changer (level 4, -4/28 HPs)
             Began as an Octopode Transmuter on July 14, 2021.
             Slain by an orc priest
             ... wielding a +0 short sword
              (9 damage)
             ... on level 3 of the Dungeon.
             The game lasted 00:04:57 (3212 turns).

vvl the Changer (Octopode Transmuter)               Turns: 3212, Time: 00:05:01

Health: -4/28      AC:  1    Str: 10    XL:     4   Next: 22%
Magic:  7/7        EV: 13    Int: 15    God:
Gold:   193        SH:  0    Dex: 12    Spells: 6/7 levels left

rFire    . . .     SeeInvis .     - Unarmed
rCold    . . .     Faith    .   (no shield)
rNeg     . . .     Spirit   .   (helmet currently unavailable)
rPois    .         Reflect  .   (no amulet)
rElec    .         Harm     .   k - ring of willpower
rCorr    .         Rampage  .   (no ring)
Will     +....                  (no ring)
Stlth    ++........             (no ring)
HPRegen  0.09/turn              (no ring)
MPRegen  0.10/turn              (no ring)
                                (no ring)
                                (no ring)

@: appendages
A: almost no armour, stealthy swim, amphibious, 8 rings, constrict 8, tentacle
spike 3, camouflage 1, gelatinous body 1
a: End Transformation


You were on level 3 of the Dungeon.
One of your tentacles had a temporary spike.
You visited 1 branch of the dungeon, and saw 3 of its levels.

You collected 193 gold pieces.

Inventory:

Hand Weapons
 o - a +0 mace of holy wrath
Missiles
 l - 4 silver javelins
Armour
 d - a +0 tower shield
Jewellery
 k - a ring of willpower (left tentacle)
Scrolls
 a - 2 scrolls of magic mapping {unknown}
 b - 3 scrolls of remove curse {unknown}
 c - 5 scrolls of identify {unknown}
 e - a scroll of teleportation {unknown}
 i - 5 scrolls of noise {unknown}
 n - a scroll of enchant weapon {unknown}
Potions
 f - a potion of might {unknown}
 g - 2 potions of heal wounds {unknown}
 h - a potion of mutation {unknown}
 j - 2 potions of curing {unknown}
 m - a potion of brilliance {unknown}


   Skills:
 - Level 1.0 Fighting
 - Level 2.0 Dodging
 + Level 3.7 Unarmed Combat
 - Level 2.0 Spellcasting
 * Level 3.7 Transmutations


You had 6 spell levels left.
You knew the following spells:

 Your Spells              Type           Power        Failure   Level
a - Beastly Appendage     Tmut           24%          4%          1

Your spell library contained the following spells:

 Spells                   Type           Power        Failure   Level
 Wereblood                Tmut           12%          7%          2
 Spider Form              Tmut/Pois      3%           30%         3
 Ice Form                 Ice/Tmut       7%           71%         4
 Blade Hands              Tmut           6%           78%         5


Dungeon Overview and Level Annotations

Branches:
Dungeon (3/15)

Altars:
Trog


Innate Abilities, Weirdness & Mutations

You cannot wear most types of armour.
You are very stealthy in the water. (Stealth+)
You are amphibious.
You can wear up to eight rings at the same time.
You can use your tentacles to constrict eight enemies at once.
Your skin changes colour to match your surroundings (Stealth+).
Your rubbery body absorbs attacks. (AC +1, EV +1)
One of your tentacles bears a large vicious spike.


Message History

You tentacle-slap the orc priest but do no damage.
You grab the orc priest.
You constrict the orc priest, but do no damage.
The orc priest completely misses you.
You tentacle-slap the orc priest.
You pierce the orc priest.
The orc priest is moderately wounded.
You constrict the orc priest.
The orc priest hits you with a +0 short sword!
You tentacle-slap the orc priest but do no damage.
The orc priest is moderately wounded.
You constrict the orc priest, but do no damage.
The orc priest hits you with a +0 short sword.
* * * LOW HITPOINT WARNING * * *
You tentacle-slap the orc priest but do no damage.
You pierce the orc priest, but do no damage.
You squeeze the orc priest, but do no damage.
The orc priest is moderately wounded.
You constrict the orc priest, but do no damage.
The orc priest hits you with a +0 short sword!
You die...

#. ####### ######.
##.....####......
#####..###..##..#####
#.........#.##.......
#.........#..........
#.........####...o.o.
#.........####o......
#.<.@o...............
#.........####.)..>..
#.........# #.....(.
#.........# #.......
#.).......# #.######
##############.# #
#...# # #.### ####.#


You could see an orc priest.

Vanquished Creatures
  An adder (D:3)
  2 worms (D:2)
  2 orcs (D:3)
  10 bats
  8 goblins
  6 hobgoblins
  2 jackals (D:2)
  4 frilled lizards (D:1)
  8 kobolds
  7 rats
50 creatures vanquished.

Notes
Turn   | Place    | Note
-------+----------+-------------------------------------------
     0 | D:1      | vvl the Octopode Transmuter began the quest for the Orb.
     0 | D:1      | Reached XP level 1. HP: 13/13 MP: 3/3
   197 | D:1      | Reached XP level 2. HP: 16/18 MP: 5/5
  1058 | D:2      | Reached XP level 3. HP: 21/23 MP: 6/6
  1512 | D:2      | Found a bloodstained altar of Trog.
  2345 | D:3      | Reached XP level 4. HP: 11/28 MP: 7/7
  2681 | D:3      | HP: 1/28 [poisoned by an adder]
  3212 | D:3      | Slain by an orc priest

Illustrated notes

Levels and vault maps discovered:
D:1:      dpeg_arrival_tiny_k, layout_rooms
D:2:      layout_loops_corners, trog_book
D:3:      layout_rooms, zin_statuary

Skill      XL: |  1  2 |
---------------+-------+-----
Transmutations | 3 |  3.7
Fighting       | |  1.0
Dodging        | |  2.0
Unarmed Combat | |  3.7
Spellcasting   | |  2.0

Action                   |  1- 3 |  4- 6 || total
-------------------------+-------+-------++-------
Melee: Unarmed           |    94 |    15 ||   109
       Constrict         |    22 |     4 ||    26
       Tentacles         |    12 |     2 ||    14
       Punch             |     2 |     1 ||     3
       Kick              |     1 |     2 ||     3
 Cast: Beastly Appendage |     4 |     1 ||     5
 Stab: Sleeping          |    11 |       ||    11
Armor: Skin              |     9 |       ||     9
Dodge: Dodged            |    38 |     3 ||    41
Block: Tower shield      |    22 |     3 ||    25
